 Dungeon Crawl Stone Soup version 0.23.2-11-gf996548 (webtiles) character file.

Game seed: 7782773432224943554

8810 IBeShadow the Fighter (level 11, -5/97 HPs)
             Began as a Grey Draconian Fire Elementalist on June 3, 2019.
             Was an Initiate of Vehumet.
             Killed from afar by a hell hog (34 damage)
             ... with a fireball
             ... in a volcano.
             The game lasted 00:25:04 (12306 turns).

IBeShadow the Fighter (DrFE)                       Turns: 12306, Time: 00:25:04

Health: -5/97      AC: 13    Str: 17    XL:     11   Next: 14%
Magic:  24/24      EV: 13    Int: 22    God:    Vehumet [......]
Gold:   406        SH:  0    Dex: 11    Spells: 6/16 levels left

rFire    . . .     SeeInvis .   s - +4 trident of Gravity {vamp, Int+4}
rCold    . . .     Gourm    .   (no shield)
rNeg     . . .     Faith    .   (armour unavailable)
rPois    .         Spirit   .   (helmet restricted)
rElec    +         Reflect  .   (no cloak)
rCorr    .         Harm     .   (no gloves)
MR       .....                  g - +0 pair of boots
Stlth    +++.......             (no amulet)
HPRegen  0.26/turn              u - ring of magical power
MPRegen  0.19/turn              w - ring of stealth

@: mighty
A: walk through water, unfitting armour, stinger 1, electricity resistance,
unbreathing, cold-blooded, AC +12
a: Renounce Religion


You were in a volcano.
You worshipped Vehumet.
Vehumet was noncommittal.
You were not hungry.

You visited 3 branches of the dungeon, and saw 10 of its levels.
You also visited: Volcano.

You collected 406 gold pieces.

Inventory:

Hand Weapons
 m - a +0 quarterstaff
 s - the +4 trident of Gravity (weapon) {vamp, Int+4}
   (You found it on level 4 of the Dungeon)

   It inflicts no extra harm, but heals its wielder when it wounds a living foe.
   It affects your intelligence (+4).
Armour
 g - a +0 pair of boots (worn)
 A - the +0 pair of gloves of the Moon {rPois rCorr Slay-6}
   (You found it on level 5 of the Dungeon)

   It affects your accuracy and damage with ranged weapons and melee attacks
   (-6).
   It protects you from poison.
   It provides partial protection from all sources of acid and corrosion.
Jewellery
 u - a ring of magical power (left hand)
 w - a ring of stealth (right hand)
Wands
 v - a wand of iceblast (1)
 x - a wand of scattershot (6)
 y - a wand of clouds (2)
Scrolls
 c - 5 scrolls of remove curse
 k - 2 scrolls of teleportation
 n - 3 scrolls of amnesia
 r - a scroll of fear {unknown}
 t - a scroll of fog {unknown}
Potions
 a - a potion of agility
 f - a potion of ambrosia
 h - 2 potions of might
 i - 2 potions of cancellation
 j - 2 potions of mutation
 o - 2 potions of lignification
 p - 3 potions of magic
 q - a potion of curing
Miscellaneous
 C - a lamp of fire
Comestibles
 b - 17 rations


   Skills:
 + Level 9.1 Fighting
   Level 0.1(1.3) Maces & Flails
 + Level 7.7(7.9) Polearms
 - Level 2.3(5.4) Staves
 - Level 3.0 Dodging
 + Level 3.0 Stealth
 - Level 1.5 Unarmed Combat
 + Level 3.2 Spellcasting
 + Level 8.4 Conjurations
 + Level 9.0 Fire Magic


You had 6 spell levels left.
You knew the following spells:

 Your Spells              Type           Power        Failure   Level  Hunger
a - Flame Tongue          Conj/Fire      #####        1%          1    None
b - Throw Flame           Conj/Fire      #####.       1%          2    ##.....
c - Conjure Flame         Conj/Fire      #####...     1%          3    ###....
d - Sticky Flame          Conj/Fire      #####...     3%          4    ####...

Your spell library contained the following spells:

 Spells                   Type           Power        Failure   Level  Hunger
 Inner Flame              Hex/Fire       ###.....     5%          3    ###....
 Dazzling Spray           Conj/Hex       ###...       6%          3    ###....
 Static Discharge         Conj/Air       ###.....     6%          3    ###....
 Fireball                 Conj/Fire      #####.....   10%         5    ######.
 Venom Bolt               Conj/Pois      ###.......   52%         5    ######.
 Agony                    Necr           #.......     98%         5    ######.


Dungeon Overview and Level Annotations

Branches:
Dungeon (8/15)             Temple (1/1) D:5            Lair (1/6) D:8

Altars:
Ashenzari
Cheibriados
Dithmenos
Elyvilon
Fedhas
Gozag
Hepliaklqana
Kikubaaqudgha
Makhleb
Nemelex Xobeh
Okawaru
Qazlal
Ru
Sif Muna
Trog
Uskayaw
Vehumet
Wu Jian
Xom
Yredelemnul
Zin
The Shining One

Annotations:
D:5 2 transporters, gypsyboi's ghost, novice TrFi


Innate Abilities, Weirdness & Mutations

You can walk through water.
Your dull iron-grey scales are very hard. (AC +12)
You cannot fit into any form of body armour.
You can survive without breathing.
You are cold-blooded and may be slowed by cold attacks.
Your tail ends in a poisonous barb.
You are resistant to electric shocks. (rElec)


Message History

You feel very mighty all of a sudden. The hell hog bites you.
The hell hog bites you!
You puncture the hell hog!
Your tail-slap misses the hell hog.
The hell hog is heavily wounded.
The hell hog bites you.
* * * LOW HITPOINT WARNING * * *
You puncture the hell hog!
The hell hog is heavily wounded.
The hell hog bites you!!
* * * LOW HITPOINT WARNING * * *
You feel much better. The hell hog closely misses you. The hell hog bites you!
You hit the hell hog.
The hell hog is severely wounded.
The hell hog bites you.
* * * LOW HITPOINT WARNING * * *
You barely miss the hell hog.
Your tail-slap misses the hell hog.
The hell hog is heavily wounded.
The hell hog breathes fire at you.
The fireball explodes!
The fireball engulfs you!!
You die...

##.## ###..≈
#8.8######8....
#D###.........
##
#∩##.####8....
#8###§#.##
####..
#≈.#.##.# #..
#.#.###.## ###
##h###88#.#
#@#######.#
#[#...##.##
##!###..## ###
####


You could see a hell hog.

Vanquished Creatures
  A two-headed ogre (D:7)
  3 death yaks
  A centaur skeleton (D:8)
  Grinder (D:3)
  A spriggan (D:7)
  4 yaks
  7 fire bats (Volcano)
  A steam dragon (Volcano)
  A water moccasin (D:8)
  A hell hound (Volcano)
  A black bear (D:6)
  An orc warrior (D:6)
  An ogre (D:6)
  A necrophage (D:8)
  3 phantoms
  4 centaurs
  3 bullfrogs
  2 water moccasin zombies
  A wyvern skeleton (D:7)
  3 scorpions
  10 killer bees (D:7)
  3 wights (D:7)
  An oklob sapling (D:5)
  8 howler monkeys
  2 crimson imps
  2 centaur zombies
  5 lava snakes (Volcano)
  A bullfrog zombie (D:5)
  A jelly (D:6)
  3 orc priests
  A hound (D:4)
  4 bullfrog skeletons
  Jessica (D:3)
  4 iguanas
  4 orc wizards
  Ijyb (D:5)
  3 worker ants
  A hound zombie (D:7)
  Robin (D:2)
  A howler monkey skeleton (D:8)
  3 gnolls (D:6)
  12 adders
  3 shadow imps (D:5)
  3 oozes
  An adder zombie (D:7)
  2 adder skeletons
  4 worms
  6 dart slugs
  4 leopard geckos
  14 orcs
  2 ball pythons
  8 giant cockroaches
  20 goblins
  10 hobgoblins
  18 jackals
  4 quokkas
  11 bats
  5 frilled lizards
  7 kobolds
  2 leopard gecko skeletons
  A quokka skeleton (D:4)
  8 rats
  A plant (D:5)
247 creatures vanquished.

Vanquished Creatures (others)
  A fire bat (Volcano)
  An orc wizard (D:7)
2 creatures vanquished.

Grand Total: 249 creatures vanquished

Notes
Turn   | Place    | Note
-------+----------+-------------------------------------------
     0 | D:1      | IBeShadow the Draconian Fire Elementalist began the quest
                  | for the Orb.
     0 | D:1      | Reached XP level 1. HP: 14/14 MP: 3/3
     1 | D:1      | Found a runed translucent door.
   252 | D:1      | Reached XP level 2. HP: 8/20 MP: 0/5
   724 | D:1      | Reached XP level 3. HP: 10/26 MP: 1/6
  1055 | D:2      | Reached skill level 1 in Fighting
  1055 | D:2      | Reached skill level 1 in Unarmed Combat
  1055 | D:2      | Reached XP level 4. HP: 15/35 MP: 4/7
  1253 | D:2      | Noticed Robin
  1432 | D:2      | Killed Robin
  1785 | D:2      | Reached XP level 5. HP: 39/40 MP: 9/9
  3052 | D:3      | Found a shattered altar of Ashenzari.
  3208 | D:3      | Noticed Grinder
  3210 | D:3      | Paralysed by Grinder for 2 turns
  3235 | D:3      | Paralysed by Grinder for 2 turns
  3237 | D:3      | Killed Grinder
  3237 | D:3      | Reached skill level 1 in Staves
  3237 | D:3      | Reached XP level 6. HP: 16/50 MP: 0/10
  3680 | D:3      | Noticed Jessica
  3686 | D:3      | Killed Jessica
  4125 | D:4      | Your scales start taking on a dull iron-grey colour.
  4125 | D:4      | Reached XP level 7. HP: 48/56 MP: 11/11
  4125 | D:4      | Gained mutation: You can survive without breathing. [Grey
                  | Draconian growth]
  4152 | D:4      | Got a dazzling trident
  4211 | D:4      | Identified the +4 trident of Gravity {vamp, Int+4} (You
                  | found it on level 4 of the Dungeon)
  4264 | D:4      | Reached skill level 1 in Polearms
  4902 | D:5      | Entered Level 5 of the Dungeon
  5077 | D:5      | Reached skill level 5 in Fire Magic
  5100 | D:5      | Reached XP level 8. HP: 30/66 MP: 2/12
  5250 | D:5      | Found a staircase to the Ecumenical Temple.
  5252 | D:5      | Identified Meaqaud's Incunabulum of Hurtful Sinister
                  | Secrets
  5394 | D:5      | Noticed Ijyb
  5546 | D:4      | Learned a level 2 spell: Throw Flame
  5550 | D:4      | Learned a level 3 spell: Conjure Flame
  5555 | D:4      | Learned a level 4 spell: Sticky Flame
  5561 | D:5      | Killed Ijyb
  5586 | D:5      | Noticed gypsyboi's ghost (novice TrFi)
  5677 | D:5      | Found a transporter.
  5679 | D:5      | Found a transporter.
  5713 | D:5      | Found an iron altar of Okawaru.
  6179 | D:6      | Reached skill level 5 in Fighting
  6270 | D:6      | Reached skill level 5 in Conjurations
  7072 | D:6      | Reached XP level 9. HP: 58/75 MP: 13/13
  7825 | D:7      | Reached skill level 5 in Polearms
  8615 | D:8      | Found an ornate altar of the Wu Jian Council.
  8631 | D:8      | Found a sparkling altar of Nemelex Xobeh.
  8692 | D:8      | Noticed a death yak
  8693 | D:8      | Found a staircase to the Lair.
  8695 | D:8      | Noticed a death yak
  8733 | D:8      | Noticed a death yak
  8750 | D:7      | Killed a death yak
  8750 | D:7      | Reached XP level 10. HP: 75/86 MP: 2/14
  8885 | D:8      | Noticed a two-headed ogre
  8912 | D:7      | Killed a two-headed ogre
  9310 | D:8      | Found a shimmering altar of Xom.
  9310 | D:8      | Found a shimmering altar of Xom.
  9317 | D:8      | Found a shimmering altar of Xom.
  9317 | D:8      | Found a shimmering altar of Xom.
  9324 | D:8      | Found a shimmering altar of Xom.
  9436 | D:8      | Killed a death yak
  9654 | D:7      | Killed a death yak
 10373 | D:8      | Found a stormy altar of Qazlal.
 10606 | D:5      | Got a pair of distressingly furry gloves
 10612 | D:5      | Identified the +0 pair of gloves of the Moon {rPois rCorr
                  | Slay-6} (You found it on level 5 of the Dungeon)
 10632 | Temple   | Entered the Ecumenical Temple
 10639 | Temple   | Became a worshipper of Vehumet
 10728 | Lair:1   | Entered Level 1 of the Lair of Beasts
 10755 | Lair:1   | Found a dark tunnel.
 10782 | Volcano  | Entered a volcano
 10823 | Volcano  | Reached XP level 11. HP: 72/95 MP: 15/15
 11086 | Volcano  | Gained mutation: You are resistant to electric shocks.
                  | (rElec) [potion of mutation]
 11086 | Volcano  | Gained mutation: Your tail ends in a poisonous barb.
                  | [potion of mutation]
 12275 | Volcano  | Noticed a fire crab
 12297 | Volcano  | Noticed a hell hog
 12306 | Volcano  | Killed from afar by a hell hog

Skill      XL: |  1  2  3  4  5  6  7  8  9 10 11 |
---------------+----------------------------------+-----
Dodging        | 2 3 |  3.0
Stealth        | 2 3 |  3.0
Fighting       | 1 2 4 5 7 8 9 |  9.1
Unarmed Combat | 1 |  1.5
Staves         | 1 2 |  2.3
Conjurations   | 2 4 5 7 8 |  8.4
Fire Magic     | 4 5 6 7 8 9 |  9.0
Polearms       | 2 4 6 7 |  7.7
Spellcasting   | 3 |  3.2
Maces & Flails | |  0.1

Action                   |  1- 3 |  4- 6 |  7- 9 | 10-12 || total
-------------------------+-------+-------+-------+-------++-------
Melee: Unarmed           |    96 |       |       |       ||    96
       Tailslap          |    13 |    20 |    43 |    21 ||    97
       Club              |    10 |       |       |       ||    10
       Dagger            |       |    43 |       |       ||    43
       Spear             |       |   115 |       |       ||   115
       Quarterstaff      |       |    77 |     4 |       ||    81
       Punch             |       |     1 |       |       ||     1
       Trident           |       |       |   387 |   206 ||   593
 Cast: Flame Tongue      |    27 |    24 |    75 |    10 ||   136
       Throw Flame       |       |       |    16 |       ||    16
       Sticky Flame      |       |       |    11 |    18 ||    29
       Conjure Flame     |       |       |     5 |     3 ||     8
Evoke: Wand              |       |       |       |     4 ||     4
  Use: Potion            |       |     1 |       |     5 ||     6
       Scroll            |       |       |       |    10 ||    10
 Stab: Sleeping          |     1 |     8 |    14 |     2 ||    25
       Distracted        |       |     1 |     2 |       ||     3
  Eat: Chunk             |     1 |     9 |    16 |     3 ||    29
       Ration            |       |       |     2 |     4 ||     6
Armor: Skin              |    69 |    70 |   196 |   104 ||   439
Dodge: Dodged            |   121 |   171 |   322 |   169 ||   783
